 Dungeon Crawl Stone Soup version 0.27.1-34-g3ba077fa99 (webtiles) character file.

Game seed: 10065165752603206168

10 Mitsuki the Conjurer (level 2, 15/15 HPs)
             Began as a Deep Elf Conjurer on Jan 12, 2022.
             Was a Follower of Zin.
             Quit the game on level 1 of the Dungeon.
             The game lasted 00:01:27 (269 turns).

Mitsuki the Conjurer (Deep Elf Conjurer)             Turns: 269, Time: 00:01:27

Health: 15/15      AC:  2    Str:  4    XL:     2   Next: 10%
Magic:  6/8        EV: 12    Int: 22    God:    Zin [*.....]
Gold:   10         SH:  0    Dex: 13    Spells: 6/7 levels left

rFire    . . .     SeeInvis .   d - +0 dagger
rCold    . . .     Faith    .   (no shield)
rNeg     . . .     Spirit   .   a - +0 robe
rPois    .         Reflect  .   (no helmet)
rElec    .         Harm     .   (no cloak)
rCorr    .         Rampage  .   (no gloves)
Will     .....                  (no boots)
Stlth    ++........             (no amulet)
HPRegen  0.05/turn              (no ring)
MPRegen  0.11/turn              (no ring)

@: no status effects
A: no striking features
a: Renounce Religion, Recite, Donate Gold


You were on level 1 of the Dungeon.
You worshipped Zin.
Zin was aware of your devotion.
You visited 1 branch of the dungeon, and saw 1 of its levels.

You collected 11 gold pieces.
You donated 1 gold pieces to Zin.

Inventory:

Hand Weapons
 d - a +0 dagger (weapon)
Armour
 a - a +0 robe (worn)
Scrolls
 b - a scroll of identify {unknown}
 c - a scroll of holy word {unknown}
Potions
 e - a potion of heal wounds {unknown}


   Skills:
 + Level 2.7 Dodging
 - Level 2.4 Stealth
 + Level 3.2 Spellcasting
 * Level 4.7 Conjurations


You had 6 spell levels left.
You knew the following spells:

 Your Spells              Type           Power      Damage    Failure   Level
a - Magic Dart            Conj           96%        1d7       1%          1

Your spell library contained the following spells:

 Spells                   Type           Power      Damage    Failure   Level
 Searing Ray              Conj           48%        3d5       2%          2
 Dazzling Flash           Conj/Hex       26%        N/A       14%         3
 Fulminant Prism          Conj/Hex       6%         3d7       43%         4
 Iskenderun's Mystic Bla  Conj/Tloc      13%        2d5       43%         4


Dungeon Overview and Level Annotations

Branches:
Dungeon (1/15)

Altars:
Zin


Message History

The magic dart hits the bat!
You kill the bat!
You have reached level 2!
Health restored: 15 You now have 11 gold pieces.
Found 23 stones.
MP restored: 8 You see here 23 stones.
An endoplasm comes into view.
Casting: Magic Dart (safe; 1% risk of failure)
Confirm with . or Enter, or press ? or * to list all spells.
The magic dart hits the endoplasm.
The endoplasm is lightly wounded.
The endoplasm quivers.
You now have 7/8 mp.
Casting: Magic Dart (safe; 1% risk of failure)
Confirm with . or Enter, or press ? or * to list all spells.
The magic dart hits the endoplasm.
The endoplasm is almost dead.
You now have 6/8 mp.
Casting: Magic Dart (safe; 1% risk of failure)
Confirm with . or Enter, or press ? or * to list all spells.
The magic dart hits the endoplasm.
You kill the endoplasm!
You now have 5/8 mp.
No target in view!
There is a faded altar of an unknown god here.
You cannot tell which god this altar belongs to.
Convert to them anyway?
Okay, then.
You cannot tell which god this altar belongs to.
Convert to them anyway?
Zin accepts your prayer! Zin welcomes you!
You pay a tithe of 1 gold.
You can now donate money to Zin.
You can now recite Zin's Axioms of Law.
Saving game... please wait.
Options error: Bad object type '%}\|' for autopickup. (~/.crawlrc:698) Welcome back, Mitsuki the Deep Elf Conjurer.
Zin says: Spread the light, my child.
Press ? for a list of commands and other information.
Are you sure you want to abandon this character and quit the game? (Confirm with "yes".)

#.# #.# #.# ####### #.#
#.....######)#####
.................# .##
#..#############.# ..#
##.(#...#.#...#..# #.#
##..#.#.#P#.#.#.@# #.#
#......P..P.PP...# #.#
....#.#.#.#.#.#..###.#
#...#...#_#.P.#...##.#
#...#.#.#.#.#.#...##.######.
#.....PP...P..P.............
##..#.#.#.#.#.#...##.#######
#..#...#.#.P.#...##.#
#.#############..##.#


There were no monsters in sight!

Vanquished Creatures
  A dart slug (D:1)
  A bat (D:1)
  An endoplasm (D:1)
  A giant cockroach (D:1)
  A goblin (D:1)
  A quokka (D:1)
  A frilled lizard (D:1)
7 creatures vanquished.

Notes
Turn   | Place    | Note
-------+----------+-------------------------------------------
     0 | D:1      | Mitsuki the Deep Elf Conjurer began the quest for the Orb.
     0 | D:1      | Reached XP level 1. HP: 10/10 MP: 6/6
   155 | D:1      | Found a faded altar of an unknown god.
   223 | D:1      | Reached XP level 2. HP: 15/15 MP: 6/8
   258 | D:1      | Became a worshipper of Zin the Law-Giver
   258 | D:1      | Reached * piety under Zin
   269 | D:1      | Quit the game

Illustrated notes

Levels and vault maps discovered:
D:1:      scummos_arrival_gate, layout_loops_ring,
          shapermc_ecumenical_altar_mp_urbaneastern

Action                   || total
-------------------------++-------
 Cast: Magic Dart        ||    11
